 Dungeon Crawl Stone Soup version 0.21.0-25-ge575cb9 (webtiles) character file.

511 nikopol the Shield-Bearer (level 7, -6/44 HPs)
             Began as a Gargoyle Fighter on Jan 23, 2018.
             Was an Initiate of Okawaru.
             Killed from afar by Dowan (15 damage)
             ... with a shard of ice
             ... on level 4 of the Dungeon.
             The game lasted 00:08:47 (3025 turns).

nikopol the Shield-Bearer (Gargoyle Fighter)        Turns: 3025, Time: 00:08:49

Health: -6/44      AC: 12    Str: 26    XL:     7   Next: 19%
Magic:  7/7        EV:  8    Int:  8    God:    Okawaru [......]
Gold:   191        SH: 10    Dex: 10    Spells: 6/6 levels left

rFire    . . .     SeeInvis .   a - +0 war axe
rCold    . . .     Gourm    .   c - +0 shield
rNeg     + . .     Faith    .   b - +0 scale mail
rPois    ∞         Spirit   .   (no helmet)
rElec    +         Reflect  .   (no cloak)
rCorr    .         Harm     .   (no gloves)
MR       .....                  (no boots)
Stlth    ..........             (no amulet)
HPRegen  0.14/turn              (no ring)
MPRegen  0.10/turn              (no ring)

@: mighty
A: negative energy resistance 1, electricity resistance, unbreathing,
petrification resistance, rot immunity, AC +4
a: Renounce Religion


You were on level 4 of the Dungeon.
You worshipped Okawaru.
Okawaru was noncommittal.
You were not hungry.

You visited 2 branches of the dungeon, and saw 5 of its levels.

You collected 191 gold pieces.

Inventory:

Hand Weapons
 a - a +0 war axe (weapon)
Missiles
 r - 2 tomahawks (quivered)
Armour
 b - a +0 scale mail (worn)
 c - a +0 shield (worn)
Jewellery
 s - an uncursed ring of protection from cold {unknown}
Scrolls
 e - a scroll of enchant weapon {unknown}
 g - 2 scrolls of fog {unknown}
 i - 2 scrolls of enchant armour {unknown}
 j - a scroll of fear {unknown}
 o - 2 scrolls of teleportation {unknown}
 p - 2 scrolls of remove curse {unknown}
 u - 2 scrolls of identify {unknown}
Potions
 h - 2 potions of heal wounds {unknown}
 k - 4 potions of curing {unknown}
 m - a potion of brilliance {unknown}
 n - 2 potions of agility {unknown}
 q - a potion of cancellation {unknown}
 t - 3 potions of lignification {unknown}
 v - a potion of mutation {unknown}
Comestibles
 f - 4 rations


   Skills:
 + Level 4.5 Fighting
 + Level 4.2 Axes
 + Level 4.8 Armour
 + Level 1.0 Dodging
 + Level 0.4 Stealth
 + Level 5.2 Shields


You had 6 spell levels left.
You didn't know any spells.

Dungeon Overview and Level Annotations

Branches:
Dungeon (4/15)             Temple (1/1) D:4

Altars:
Cheibriados
Dithmenos
Fedhas
Gozag
Kikubaaqudgha
Makhleb
Nemelex Xobeh
Okawaru
Trog
Vehumet
Wu Jian
Xom

Shops:
D:4 [[

Annotations:
D:3 Grinder
D:4 Dowan


Innate Abilities, Weirdness & Mutations

You are resistant to torment.
Your stone body is resilient. (AC +4)
You are immune to poison.
You resist negative energy. (rN+)
You are resistant to electric shocks. (rElec)
You can survive without breathing.
You are immune to petrification.
You are immune to rotting.


Message History

You slice the worm!!
You kill the worm!
Okawaru accepts your kill. Dowan hits you but does no damage.
You completely miss Dowan. Dowan hits you with a dagger of venom.
* * * LOW HITPOINT WARNING * * *
Dowan mumbles some strange words.
Dowan blinks!
Dowan says, "How can I live without her?"
Dowan mumbles some strange words.
Dowan blinks!
Items here: ) [ †† a rapier; a scale mail; a worm corpse; the elf corpse of Duvessa Dowan casts a spell.
Dowan blinks!
All of the chunks of flesh in your inventory have rotted away.
You miss Dowan. You block Dowan's attack. Dowan casts a spell at you.
The shard of ice hits you!
You die...

.. ...######..####.#.#
... .[..............#.#
#.###...#####..######.#
...#.. #.......# #.#.#
.......####.#
#.#...#############.#
#...................#
#.###.###############
#...).@e......
##############


You could see Dowan.

Vanquished Creatures
  Duvessa (D:4)
  A phantom (D:4)
  A water moccasin skeleton (D:4)
  A howler monkey (D:4)
  A hound (D:4)
  A worker ant (D:4)
  Robin (D:2)
  4 adders
  An ooze (D:2)
  2 worms (D:4)
  5 dart slugs
  6 leopard geckos
  An orc (D:3)
  4 giant cockroaches
  14 hobgoblins
  10 jackals
  13 bats
  4 frilled lizards
  14 goblins
  8 kobolds
  11 rats
104 creatures vanquished.

Notes
Turn   | Place    | Note
-------+----------+-------------------------------------------
     0 | D:1      | nikopol the Gargoyle Fighter began the quest for the Orb.
     0 | D:1      | Reached XP level 1. HP: 14/14 MP: 1/1
    73 | D:1      | Reached XP level 2. HP: 16/19 MP: 2/2
    90 | D:1      | Found a sparkling altar of Nemelex Xobeh.
   271 | D:1      | Reached XP level 3. HP: 22/23 MP: 3/3
   787 | D:2      | Reached XP level 4. HP: 28/28 MP: 4/4
   920 | D:2      | Reached skill level 4 in Shields
  1113 | D:2      | Found a faded altar of an unknown god.
  1206 | D:3      | Noticed Grinder
  1211 | D:3      | Paralysed by Grinder for 6 turns
  1223 | D:3      | Paralysed by Grinder for 2 turns
  1414 | D:3      | Paralysed by Grinder for 3 turns
  1644 | D:3      | Paralysed by Grinder for 4 turns
  1664 | D:3      | Paralysed by Grinder for 4 turns
  1947 | D:3      | Noticed Robin
  2008 | D:3      | Reached XP level 5. HP: 21/33 MP: 5/5
  2015 | D:2      | Killed Robin
  2168 | D:3      | Found an iron altar of Okawaru.
  2442 | D:4      | Found Ciabacw's Antique Armour Boutique.
  2542 | D:4      | Reached XP level 6. HP: 33/38 MP: 6/6
  2602 | D:4      | Found Daohene's Armour Boutique.
  2618 | D:4      | Noticed a phantom
  2664 | D:4      | Killed a phantom
  2772 | D:4      | Found a staircase to the Ecumenical Temple.
  2820 | Temple   | Entered the Ecumenical Temple
  2898 | Temple   | Became a worshipper of Warmaster Okawaru
  2994 | D:4      | Noticed Duvessa
  2995 | D:4      | Noticed Dowan
  3016 | D:4      | Killed Duvessa
  3016 | D:4      | Reached skill level 1 in Dodging
  3016 | D:4      | Reached skill level 5 in Shields
  3016 | D:4      | Reached XP level 7. HP: 13/44 MP: 7/7
  3025 | D:4      | Killed from afar by Dowan

Skill      XL: |  1  2  3  4  5  6 |
---------------+-------------------+-----
Axes           | 2 3 4 |  4.2
Shields        | 4 5 |  5.2
Armour         | 4 |  4.8
Fighting       | 4 |  4.5
Dodging        | 1 |  1.0
Stealth        | |  0.4

Action                   |  1- 3 |  4- 6 |  7- 9 || total
-------------------------+-------+-------+-------++-------
Melee: War axe           |   136 |   281 |     6 ||   423
  Use: Potion            |       |     1 |       ||     1
  Eat: Chunk             |       |     8 |       ||     8
Armor: Scale mail        |    98 |   174 |     2 ||   274
Dodge: Dodged            |    59 |   105 |       ||   164
Block: Shield            |    86 |   191 |     1 ||   278
